Cogmind - Beta 13 @@@ ROGUE MODE // 2024.04.15 @ 16:55:58 Player: Mogwok Wargfriend Result: Destroyed by B-75 Beast with Heavy Machine Gun Performance ------------- Evolutions (2) 1000 Regions Visited (4) 800 Robots Destroyed (104) 520 Value Destroyed (2869) 2869 Prototype IDs (3) 60 Alien Tech Used (0) 0 Bonus (997) 997 TOTAL SCORE: 6246 Bonus ------- High Alert Combat Kills 152 Follower Combat Kills 311 Entered Garrisons 200 Used RIF Installer 500 Friendly Fire -166 Cogmind --------- Core Integrity 0/550 Matter 280/300 Energy 240/240 System Corruption 3% Temperature Warm (175) Movement Walking (90) Location -8/Garrison Parts ------- > --- POWER (1) -------- Nuclear Core > --- PROPULSION (3) --- VSS Leg VSS Leg > --- UTILITY (5) ------ Medium Storage Unit Visual Processing Unit > --- WEAPON (2) ------- Gauss Rifle > --- INVENTORY (10) --- Nuclear Core High-capacity Matter Pod (200) Hacking Suite Beam Rifle Assault Rifle Improved Assault Rifle Powered Hammer Peak State ------------ > --- POWER ------------ Cooled Ion Engine > --- PROPULSION ------- Medium Treads Medium Treads Medium Treads > --- UTILITY ---------- Medium Storage Unit Structural Scanner Visual Processing Unit ECM Suite Shield Generator > --- WEAPON ----------- Improved Assault Rifle Improved Assault Rifle > --- INVENTORY -------- Improved Ion Engine Medium Treads High-capacity Matter Pod Light Armor Plating Hacking Suite Particle Gun Improved Assault Rifle Grenade Launcher Mining Laser Powered Hammer [Rating: 30] Favorites ----------- Power Cooled Ion Engine Engine Cooled Ion Engine Power Core Nuclear Core Propulsion Wheel Treads Medium Treads Leg Aluminum Leg Wheel Wheel Utility Structural Scanner Device Structural Scanner Storage Medium Storage Unit Processor Visual Processing Unit Protection Light Armor Plating Weapon Improved Assault Rifle Energy Gun Medium Laser Ballistic Gun Improved Assault Rifle Launcher Grenade Launcher Special Weapon Mining Laser Impact Weapon Powered Hammer Build | -11 -10 -9 -8 -8 ------- Run | Yrd Mat Mat Mat Gar Slots Evolved 4 | . . 2 2 . Power . | . . . . . Propulsion 1 | . . . 1 . Utility 3 | . . 2 1 . Weapon . | . . . . . Parts Attached 76 | 9 7 22 12 26 Power 9 | 1 1 5 . 2 Engine 8 | 1 1 5 . 1 Core 1 | . . . . 1 Reactor . | . . . . . Propulsion 24 | 2 2 3 7 10 Treads 4 | . . . 3 1 Leg 12 | . . . 3 9 Wheel 8 | 2 2 3 1 . Hover . | . . . . . Flight . | . . . . . Utility 21 | 2 2 8 3 6 Device 10 | 1 2 3 2 2 Storage 2 | 1 . 1 . . Processor 1 | . . . 1 . Hackware . | . . . . . Protection 8 | . . 4 . 4 Artifact . | . . . . . Weapon 22 | 4 2 6 2 8 Energy Gun 2 | 1 . 1 . . Energy Cannon . | . . . . . Ballistic Gun 15 | 2 2 5 2 4 Ballistic Cannon . | . . . . . Launcher 2 | . . . . 2 Special Weapon 1 | 1 . . . . Impact Weapon 2 | . . . . 2 Slashing Weapon . | . . . . . Piercing Weapon . | . . . . . Special Melee Weapon . | . . . . . Unidentified Prototypes 3 | . . 3 . . Parts Lost 21 | . 1 . 2 18 Power 1 | . . . . 1 Propulsion 7 | . . . 2 5 Utility 9 | . 1 . . 8 Weapon 4 | . . . . 4 Highest Loss Streak 9 | . 1 . 1 9 To Critical Strikes 1 | . . . . 1 Average Slot Usage (%) 95 | . 99 97 97 86 Engine 9 | . 14 10 9 6 Treads 7 | . . . 21 9 Leg 4 | . . . 1 15 Wheel 12 | . 28 21 2 . Device 17 | . 13 21 26 10 Storage 10 | . 14 11 9 9 Processor 4 | . . . 8 9 Protection 4 | . . 10 . 6 Energy Gun 2 | . 14 . . . Ballistic Gun 16 | . 14 21 17 13 Naked Turns . | . . . . . Heaviest Build 35 | 15 15 30 30 35 Greatest Support 56 | 20 20 20 56 56 Greatest Overweight (x) 10 | 2 . 2 2 10 Average Overweight (x) . | . . 1 . . Largest Inventory Capacity 10 | 8 8 10 10 10 Average Capacity 9 | 7 8 8 10 10 Most Carried 10 | 8 8 10 10 10 Average Carried 8 | 4 7 8 9 9 Final Capacity 10 | 8 8 10 10 10 Final Carried 10 | 8 8 10 10 7 Class Distribution -------------------- 54% | Mutant 22% | Infiltrator-Mutant 18% | Scavenger-Mutant 4% | Commander-Mutant Dominant Class ---------------- Mutant | -10/Materials Mutant | -9/Materials Infiltrator-Mutant | -8/Materials Scavenger-Mutant | -8/Garrison Resources | -11 -10 -9 -8 -8 ----------- Run | Yrd Mat Mat Mat Gar Matter Collected 2408 | 308 446 668 456 530 Remotely . | . . . . . Salvage Created 3684 | 180 637 1437 901 529 Parts 228 | 13 35 98 51 31 Haulers Intercepted 5 | . 2 3 . . Recyclers Shooed 3 | 2 1 . . . Parts Field Recycled . | . . . . . Retrieved Matter . | . . . . . Parts Self-Destructed . | . . . . . Prevented . | . . . . . Kills | -11 -10 -9 -8 -8 ------- Run | Yrd Mat Mat Mat Gar Combat Hostiles Destroyed 60 | . 9 24 12 15 Guns 57 | . 9 24 12 12 AOE 2 | . . . . 2 Classes Destroyed 17 | 3 6 3 1 4 Worker 12 | 2 5 4 1 . Builder 3 | . 1 . 2 . Tunneler 5 | 4 1 . . . Hauler 5 | . 2 3 . . Recycler 5 | 1 1 1 2 . Mechanic 1 | . . . 1 . Operator 3 | . 1 1 1 . Watcher 9 | . 1 5 3 . Swarmer 12 | . 3 4 . 5 Cutter 2 | . . . . 2 Grunt 30 | . 6 12 9 3 Brawler 1 | . . 1 . . Duelist 2 | . . 1 1 . Sentry 10 | . . 6 2 2 Specialist 1 | . . . . 1 Hunter 2 | . . . . 2 Programmer 1 | . . . . 1 Best Kill Streak 9 | 2 6 9 4 3 Combat Bots Only 6 | . 3 6 3 3 Max Kills in Single Turn 2 | 1 1 2 2 2 Gunslinging 1 | . . . 1 1 Exploded 1 | . . . . 1 Melee . | . . . . . Uniques/NPCs Destroyed . | . . . . . Combat | -11 -10 -9 -8 -8 -------- Run | Yrd Mat Mat Mat Gar Hostile Shots Fired 457 | . 48 97 89 223 Missed 143 | . 13 34 26 70 Damage Taken 4313 | . 411 583 772 2547 Core 769 | . 115 90 125 439 Absorbed by Shields 542 | . . 179 263 100 Regen/Repaired (Parts) 479 | . . 333 146 . Core Remaining (%) 77 | 100 54 77 . . Volleys Fired 299 | 16 85 75 64 59 Largest 2 | 2 2 2 2 2 Hottest 70 | 70 70 46 46 56 Shots Fired 544 | 22 150 150 128 94 Gun 541 | 22 150 150 128 91 Cannon . | . . . . . Launcher 3 | . . . . 3 Special . | . . . . . Kinetic 440 | 6 65 150 128 91 Thermal 101 | 16 85 . . . Explosive 3 | . . . . 3 Electromagnetic . | . . . . . Robot Hit Streak 13 | 3 11 10 13 10 Robot Miss Streak 6 | 1 6 4 2 3 Penetration Max 1 | . . . . 1 Secondary Targets 7 | . 1 1 2 3 Max Gunslinging Chain 1 | . 1 1 1 1 Shots Hit Robots 363 | 15 90 103 94 61 Core Hits 167 | 8 34 51 44 30 Critical Kills 1 | . . 1 . . Critical Parts Destroyed 5 | . 2 1 1 1 Critical Strikes 13 | . 9 2 1 1 Burn 7 | . 7 . . . Destroy 5 | . 2 2 1 . Smash 1 | . . . . 1 Melee Attacks 34 | . . . . 34 Impact 34 | . . . . 34 Slashing . | . . . . . Piercing . | . . . . . Sneak Attacks . | . . . . . Combat Hostiles . | . . . . . Follow-up Attacks . | . . . . . Damage Inflicted 5770 | 183 1127 1572 1513 1375 Guns 5485 | 183 1127 1566 1513 1096 Cannons . | . . . . . Explosions 206 | . . . . 206 Melee 73 | . . . . 73 Ramming 6 | . . 6 . . Kinetic 4643 | 60 408 1566 1513 1096 Thermal 842 | 123 719 . . . Explosive 206 | . . . . 206 Electromagnetic . | . . . . . Impact 73 | . . . . 73 Slashing . | . . . . . Piercing . | . . . . . Highest Corruption 3 | . . . . 3 Average Corruption 2 | . . . . 2 Corruption Purged . | . . . . . Corruption Blocked . | . . . . . Effects 2 | . . . . 2 Heat Flow Errors 1 | . . . . 1 Weapon Failures 1 | . . . . 1 Overload Shots . | . . . . . Overflow Damage 42 | . . . . 42 Projectiles . | . . . . . Explosions 20 | . . . . 20 Melee 22 | . . . . 22 Knockbacks . | . . . . . Impact . | . . . . . Kinetic . | . . . . . Secondary . | . . . . . Self-Inflicted Damage 77 | . . 3 . 74 Shots 2 | . . . . 2 Rammed 1 | . . 1 . . Targets Rammed 1 | . . 1 . . Kicked . | . . . . . Crushed . | . . . . . Highest Temperature 197 | 54 178 5 2 197 Average Temperature 46 | 22 54 2 2 33 Received Heat Transfer 1151 | . 207 221 351 372 Siege Activations . | . . . . . Robots Corrupted . | . . . . . Combat Hostiles . | . . . . . Parts Fried 1 | . . . . 1 Impact Corruptions 1 | . . . . 1 Robots Melted . | . . . . . Combat Hostiles . | . . . . . Parts Melted 6 | . 6 . . . Heat Transferred 3034 | 370 2664 . . . Parts Sabotaged . | . . . . . Parts Stolen . | . . . . . Parts Stripped . | . . . . . Power Chain Reactions . | . . . . . Alert | -11 -10 -9 -8 -8 ------- Run | Yrd Mat Mat Mat Gar Peak Influence 1030 | 35 204 500 401 1030 Initial 174 | . 22 25 149 174 Average 317 | 12 91 293 276 581 Maximum Alert Level 3 | . 1 2 2 3 Low Security (%) 37 | 100 96 34 8 13 Level 1 33 | . 3 21 90 24 Level 2 16 | . . 43 . 16 Level 3 12 | . . . . 46 Level 4 . | . . . . . Level 5 . | . . . . . High Security . | . . . . . Max Security . | . . . . . Squads Dispatched 6 | . 4 . 2 . Investigation 2 | . 2 . . . Extermination . | . . . . . Reinforcement 4 | . 2 . 2 . Assault . | . . . . . Garrison . | . . . . . Intercept . | . . . . . Searches Triggered . | . . . . . Construction Impeded . | . . . . . Haulers Reinforced . | . . . . . Active Scanning Responses . | . . . . . Cargo Convoy Interrupts . | . . . . . Stealth | -11 -10 -9 -8 -8 --------- Run | Yrd Mat Mat Mat Gar Distress Signals 10 | . 2 3 5 . Communications Jammed . | . . . . . Distress Signals . | . . . . . Times Spotted 116 | . 23 31 32 30 Peak Tracking Total 7 | . 4 4 7 5 Tactical Retreats 8 | . . 1 7 . Traps | -11 -10 -9 -8 -8 ------- Run | Yrd Mat Mat Mat Gar Traps Triggered 3 | . 1 . . 2 Indirectly . | . . . . . Trap Hack Attempts . | . . . . . Triggered . | . . . . . Disarmed . | . . . . . Reprogrammed . | . . . . . Reused . | . . . . . Traps Extracted . | . . . . . Installed . | . . . . . Triggered . | . . . . . Machines | -11 -10 -9 -8 -8 ---------- Run | Yrd Mat Mat Mat Gar Machines Disabled 2 | . . . . 2 Max in Single Turn 1 | . . . . 1 Garrison Relay 2 | . . . . 2 Machines Repaired . | . . . . . Machines Dismantled . | . . . . . Machines Sabotaged . | . . . . . Overloaded Fab Kills . | . . . . . Hacking | -11 -10 -9 -8 -8 --------- Run | Yrd Mat Mat Mat Gar Machines Accessed 22 | . 6 11 4 1 Terminals 14 | . 5 6 2 1 Fabricators . | . . . . . Repair Stations 3 | . . 2 1 . Recycling Units 3 | . 1 2 . . Scanalyzers 1 | . . 1 . . Garrison Access 1 | . . . 1 . Total Hacks 78 | . 23 44 10 1 Successful 41 | . 11 25 5 . Failed 37 | . 12 19 5 1 Catastrophic 4 | . 1 1 1 1 Database Lockouts . | . . . . . Manual 46 | . 16 25 4 1 Terminals 41 | . 19 17 4 1 Fabricators . | . . . . . Repair Stations 22 | . . 17 5 . Recycling Units 10 | . 4 6 . . Scanalyzers 4 | . . 4 . . Garrison Access 1 | . . . 1 . Terminal Hacks 6 | . 4 2 . . Robot Analysis 3 | . 1 2 . . Alert Level 1 | . 1 . . . Locate Traps 1 | . 1 . . . Recall Investigation 1 | . 1 . . . Fabricator Hacks . | . . . . . Repair Station Hacks 18 | . . 14 4 . Scan Component 9 | . . 7 2 . Repair 9 | . . 7 2 . Recycling Unit Hacks 1 | . 1 . . . Report Inventory 1 | . 1 . . . Scanalyzer 2 | . . 2 . . Insert Component 1 | . . 1 . . Analyze 1 | . . 1 . . Garrison Access Hacks 1 | . . . 1 . Unlock Access 1 | . . . 1 . Unauthorized Hacks 13 | . 6 7 . . Terminals 9 | . 4 5 . . Track 1 | . 1 . . . Botnet 6 | . 2 4 . . Operators 2 | . 1 1 . . Fabricators . | . . . . . Repair Stations . | . . . . . Recycling Units 4 | . 2 2 . . Reject 3 | . 1 2 . . Mask 1 | . 1 . . . Scanalyzers . | . . . . . Garrison Access . | . . . . . Data Cores Recovered 1 | . . 1 . . Used . | . . . . . Hacking Detections 20 | . 6 10 3 1 Full Trace Events 1 | . 1 . . . Feedback Events . | . . . . . Feedback Blocked . | . . . . . Robot Schematics Acquired . | . . . . . Robots Built . | . . . . . Authchips . | . . . . . Time . | . . . . . Total Robot Build Rating . | . . . . . Part Schematics Acquired 1 | . . 1 . . Parts Built . | . . . . . Authchips . | . . . . . Time . | . . . . . Total Part Build Rating . | . . . . . Parts Repaired 9 | . . 7 2 . Time 333 | . . 250 83 . Parts Recycled . | . . . . . Recycled Matter . | . . . . . Retrieved Matter . | . . . . . Retrieved Components . | . . . . . Parts Scanalyzed 1 | . . 1 . . Part Schematics Acquired 1 | . . 1 . . Parts Damaged . | . . . . . Bothacking | -11 -10 -9 -8 -8 ------------ Run | Yrd Mat Mat Mat Gar Used RIF Installer 1 | . . . . 1 Robots Hacked . | . . . . . Non-combat . | . . . . . Combat . | . . . . . Robot Hacks Applied . | . . . . . Relay Couplers Released 12 | . . . . 12 Machine Destruction 8 | . . . . 8 Programmers 4 | . . . . 4 Fabnet Peak Effective % . | . . . . . Robots Rewired 4 | . . . . 4 Allies Hacked . | . . . . . Hacks Repelled . | . . . . . Allies | -11 -10 -9 -8 -8 -------- Run | Yrd Mat Mat Mat Gar Total Allies 4 | . . . . 4 Largest Group 4 | . . . . 4 Highest-Rated Group 96 | . . . . 96 Highest-Rated Ally 24 | . . . . 24 Total Orders . | . . . . . Ally Attacks 38 | . . . . 38 Total Damage 1029 | . . . . 1029 Kills 16 | . . . . 16 Allies Corrupted . | . . . . . Allies Melted . | . . . . . Intel | -11 -10 -9 -8 -8 ------- Run | Yrd Mat Mat Mat Gar Robot Analysis Total 3 | . 1 2 . . Derelict Logs Recovered . | . . . . . Drone Launches . | . . . . . Drone Recoveries . | . . . . . Exploration | -11 -10 -9 -8 -8 ------------- Run | Yrd Mat Mat Mat Gar Turns Passed 4644 | 161 896 1289 1060 1238 Spaces Moved 2764 | 117 707 851 508 581 Core 31 | 23 . . . 8 Treads 637 | . . . 387 250 Legs 352 | . . . 29 323 Wheels 1744 | 94 707 851 92 . Hover . | . . . . . Flight . | . . . . . Fastest Speed 50 | 50 80 80 95 90 Average Speed 112 | 83 80 96 146 151 Slowest Speed 550 | 150 80 110 240 550 Overloaded Moves . | . . . . . Propulsion Burnouts . | . . . . . Robots Hopped . | . . . . . Cave-ins Triggered . | . . . . . Exploration Rate (%) 47 | 5 87 66 27 50 Regions Visited 4 Branch Regions . Pre-discovered Areas . | . . . . . Known Exits Taken 1 | . . . 1 . Unknown Exits Taken 3 | 1 1 1 . . Scrap Searched . | . . . . . Spaces Dug 21 | . . . . 21 Terrain Destroyed 41 | . . . . 41 Melee 21 | . . . . 21 Projectile . | . . . . . AOE 20 | . . . . 20 Terrain Rammed . | . . . . . Walls Destroyed . | . . . . . Machines Disabled . | . . . . . Actions | -11 -10 -9 -8 -8 --------- Run | Yrd Mat Mat Mat Gar Total 3704 | 155 892 1175 701 781 Wait 390 | . 79 198 97 16 Move 2760 | 116 706 850 507 581 Hop . | . . . . . Pick Up 41 | 12 4 10 8 7 Fast Attach 45 | 5 4 14 10 12 Attach 12 | 2 . 2 2 6 Detach 3 | . 1 1 1 . Swap 19 | 2 3 6 . 8 Drop 50 | 2 10 18 12 8 Fire 299 | 16 85 75 64 59 Melee 34 | . . . . 34 Ram 1 | . . 1 . . Kick . | . . . . . Crush . | . . . . . Escape Stasis 12 | . . . . 12 Rewire 38 | . . . . 38 Trap . | . . . . . Miscellaneous . | . . . . . Route ------- -11/Scrapyard -10/Materials (discovered 6 exits: *Mat x3 / [*Min x2] / [Sub]) -9/Materials (discovered 2 exits: *Mat x2) -8/Materials -8/Garrison (discovered 1 exit: [*Fac]) History --------- Turn | Location | Event 46 | -11/Scrapyard | Discovered new exit (range 16) 162 | -11/Scrapyard | Entered Materials 302 | -10/Materials | Build established: Mutant 304 | -10/Materials | Discovered new exit (range 15) 528 | -10/Materials | Discovered new exit (range 12) 656 | -10/Materials | Discovered new exit (range 15) 746 | -10/Materials | Discovered new exit (range 8) 920 | -10/Materials | Discovered new exit (range 7) 976 | -10/Materials | Discovered new exit (range 15) 1058 | -10/Materials | Entered another Materials area 1058 | -9/Materials | Evolved 2 slots: Utility x2 1458 | -9/Materials | Discovered new exit (range 8) 1681 | -9/Materials | Repaired Shield Generator 1749 | -9/Materials | Repaired Imp. Ion Engine 1801 | -9/Materials | Repaired Imp. Assault Rifle 1828 | -9/Materials | Repaired Lgt. Armor Plating 1881 | -9/Materials | Repaired Imp. Assault Rifle 1908 | -9/Materials | Repaired Wheel 2028 | -9/Materials | Discovered new exit (range 10) 2139 | -9/Materials | Repaired Shield Generator 2347 | -9/Materials | Entered another Materials area 2347 | -8/Materials | Evolved 2 slots: Propulsion x1, Utility x1 2695 | -8/Materials | Build established: Infiltrator-Mutant 2990 | -8/Materials | Repaired Imp. Assault Rifle 3023 | -8/Materials | Repaired Shield Generator 3406 | -8/Materials | Identified exit to Garrison 3407 | -8/Materials | Entered Garrison 3563 | -8/Garrison | Triggered checkpoint 3595 | -8/Garrison | Triggered checkpoint 3638 | -8/Garrison | Core integrity fell below 50% 3683 | -8/Garrison | Lost 7 parts (1p2n3u1w) 3744 | -8/Garrison | Garrison Relay disabled 3876 | -8/Garrison | Installed Relay Interface Framework 4051 | -8/Garrison | Triggered checkpoint 4061 | -8/Garrison | Triggered checkpoint 4071 | -8/Garrison | Triggered checkpoint 4269 | -8/Garrison | Triggered checkpoint 4339 | -8/Garrison | Build established: Scavenger-Mutant 4394 | -8/Garrison | Discovered new exit (range 10) 4520 | -8/Garrison | Spotted B-75 Beast 4520 | -8/Garrison | Spotted B-75 Beast 4602 | -8/Garrison | Core integrity fell below 20% 4645 | -8/Garrison | Destroyed by B-75 Beast with Heavy Machine Gun Last Messages --------------- 04608_ VSS Leg blasted off. 04608_ Slug penetrates B-75 Beast. 04608_ Slug penetrates Wall. 04609_ Acquired 2 matter. 04612_ Slug penetrates Wall. 04614_ Gauss Rifle destroyed. 04616_ Acquired 29 matter. 04621_ Slug penetrates P-60 Hacker. 04621_ P-60 Hacker destroyed. 04623_ Hrd. Medium Armor Plating destroyed. 04624_ Slug penetrates B-75 Beast. 04627_ Aluminum Leg destroyed. 04629_ Acquired Aluminum Leg. 04630_ VSS Leg destroyed. 04632_ Acquired VSS Leg. 04639_ Heat Sink destroyed. 04639_ Aluminum Leg destroyed. 04642_ System corrupted: Heat flow error (+205). 04642_ Imp. Assault Rifle destroyed. 04645_ Grenade Launcher destroyed. Map ----- +----------------------------------------------------+ | ???????????????????????????????????????????????? | | ???????????????????????????????????????????????? | | ???????????????????????????????????????????????? | | ???????????????????????????????????????????????? | | ???????????????????????????????????????????????? | | ???????????????????????????????????????????????? | | ???????????????????????????????????????????????? | | ???????????????????######??????????????????????? | | ???????????????????# # ##?????????????????????? | | ????????????###?###?# #?????????????????????? | | ???????????## ### ### < ##?????????????????????? | | ???????????# ##?????????????????????? | | ???????????## #?????????????????????? | | ????????????# ####### ###?????????????????????? | | ???????????## #?????###???????????????????????? | | ???????????# #???????????????????????????????? | | ???????????## #???????????????????????????????? | | ???????????## #???????????????????????????????? | | ???????????# #???????????????????????????????? | | ???????????## #???????????????????????????????? | | ???????????## ########????????????????????????? | | ???????????# ##"""!"#????????????????????????? | | ??########### #?#[!!#???###???????????????????? | | ?## ## ## ###=*###*%!#####%##??????????????????? | | ## |!**%%^^ %% ;#??????????????????? | | *BB% ![^ @ ##??????????????????? | | ## ### ####!=###=[=#####+#???????????????????? | | ?# #?# ##??# #?#!*=#???# #???????????????????? | | ?# ### #???# #?#####???# #???????????????????? | | ?# # ##### #?????????# #???????????????????? | | ## ### #?????????# #???????????????????? | | ## ### ##### #????????## #####???????????????? | | ## ##% #???# #????????#! ]]]]#???????????????? | | * ## ##### #????????#! ]]]]#???????????????? | | #????????########???????????????? | | #???????????????????????????????? | | ## ###########???????????????????????????????? | | ## ###???????????????????????????????????????? | | #???????????????????????????????????????? | | #???????????????????????????????????????? | | % #???????????????????????????????????????? | | ######??????????????????????????????????? | | ## ### #??????????????????????????????????? | | ## ### / #################################???? | | ! = [ ] *[ *= [%= # """"#???? | | %^ [%= / *%=% = "#???? | | %^^* ## # # # #################### # """"#???? | | # ## ## # # #??????????????????# #######???? | | #### ######## #???????############ #?????????? | | #??# "??????# #??????#""""""""""## #?????????? | +----------------------------------------------------+ Best States ------------- Heat Dissipation 51 Energy Generation 14 Energy Capacity 280 Matter Stores 300 Matter Capacity 300 Sight Range 18 Terrain Scan Density 10 ECM Strength 1 Armor Coverage 450 Evasion (%) 55 Recoil Reduction 2 Item Schematics ----------------- Hacking Suite | -9/Materials | Scanalyzed Robot Schematics ------------------ None Fabricated ------------ Nothing Alien Tech Used ----------------- None Achievements -------------- None Challenges ------------ None Game ------ Seed RecyclingSniperStorage Manual? 0 Play Time 00:38:41 Cumulative 170.6 hours Start 2024.04.15 @ 16:04:30 End 2024.04.15 @ 16:55:58 Sessions 1 Manual Loads 0 Difficulty Rogue Special Mode None Game No. 164 Rogue 164 Adventurer 0 Explorer 0 Win Type - Total 0 Types 0/0/0/0/0/0/0/0/0 Lore% 53 Gallery% 65 Achievement% 44 Wizard Run 0 Options --------- Layout 2 ASCII 1 Keyboard 1 Movement Numpad Keybinds 0 Fullscreen 2 Font 32/TamsynBold Map View 50x44 Zoom Use 0% Tactical HUD 1 Map Filters NONE Filters NONE Steam 1 RUN: b7388a7d-bb69-4d84-8434-5610f1b1bde8